 Dungeon Crawl Stone Soup version 0.32-a0-411-g744942f433 (webtiles) character file.

Game seed: 7015736823597451040

131 CougarLife the Digger (level 5, -11/28 HPs)
             Began as a Gargoyle Earth Elementalist on Feb 21, 2024.
             Killed by divine providence
             ... invoked by an orc priest
              (12 damage)
             ... on level 3 of the Dungeon.
             The game lasted 00:02:05 (2047 turns).

CougarLife the Digger (Gargoyle Earth Elementalist) Turns: 2047, Time: 00:02:06

Health: -11/28     AC:  6    Str: 12    XL:     5   Next: 14%
Magic:  0/9        EV: 27    Int: 17    God:
Gold:   148        SH:  0    Dex: 10    Spells: 6/10 levels left

rFire   . . .        i - +0 dagger
rCold   . . .        (no shield)
rNeg    + . .        a - +0 robe
rPois   ∞            (no helmet)
rElec   +            (no cloak)
rCorr   .            (no gloves)
SInv    .            (no boots)
Will    .....        h - amulet of the acrobat
Stlth   ++           (no ring)
HPRegen 0.24/turn    (no ring)
MPRegen 0.11/turn

%: acrobat
@: acrobatic
A: sickness immunity, AC +4, negative energy resistance 1, electricity
resistance, torment resistance 1, petrification resistance
a: Convert to Beogh


You were on level 3 of the Dungeon.
You visited 1 branch of the dungeon, and saw 3 of its levels.

You collected 148 gold pieces.

Inventory:

Hand Weapons
 i - a +0 dagger (weapon)
Armour
 a - a +0 robe (worn)
Jewellery
 h - an amulet of the acrobat (around neck)
 j - an amulet of magic regeneration
Scrolls
 c - 3 scrolls of identify {unknown}
 f - a scroll of amnesia {unknown}
 g - a scroll of teleportation {unknown}
 l - a scroll of noise {unknown}
 n - a scroll of enchant armour {unknown}
 o - a scroll of blinking {unknown}
 p - a scroll of immolation {unknown}
Potions
 b - a potion of magic
 d - 2 potions of curing {unknown}
 e - 3 potions of might {unknown}
 k - 2 potions of degeneration {unknown}
 m - a potion of lignification {unknown}
 q - 2 potions of cancellation {unknown}
 r - a potion of mutation {unknown}


   Skills:
 - Level 1.6 Dodging
 - Level 2.2 Stealth
 + Level 3.1 Spellcasting
 + Level 3.1 Conjurations
 + Level 4.8 Earth Magic


You had 6 spell levels left.
You knew the following spells:

 Your Spells              Type           Power      Damage    Failure   Level
a - Sandblast             Erth           38%        2d10      2%          1
b - Stone Arrow           Conj/Erth      32%        3d9       10%         3

Your spell library contained the following spells:

 Spells                   Type           Power      Damage    Failure   Level
 Passwall                 Erth           19%        N/A       7%          3
 Shock                    Conj/Air       28%        1d4       9%          1
 Brom's Barrelling Bould  Conj/Erth      16%        2d4       32%         4
 Swiftness                Air            2%         N/A       45%         3
 Leda's Liquefaction      Alch/Erth      5%         N/A       54%         4
 Petrify                  Alch/Erth      11%        N/A       54%         4
 Lee's Rapid Deconstruct  Erth           9%         3d7*      54%         5
 Airstrike                Air            1%         2d(1-17)  86%         4
 Bombard                  Conj/Erth      8%         9d2       99%         6


Dungeon Overview and Level Annotations

Branches:
Dungeon (3/15)

Altars:

Shops:
D:2 [


Innate Abilities, Weirdness & Mutations

You are immune to sickness and miasma.
Your stone body is resilient. (AC +4)
You are immune to poison.
You resist negative energy. (rN+)
You are resistant to electric shocks. (rElec)
You are resistant to unholy torment.
You are immune to petrification.


Message History

You don't have enough magic to cast this spell.
You barely miss the orc.
The orc is severely wounded.
The orc closely misses you.
Unknown command.
You hit the orc but do no damage.
The orc is heavily wounded.
The orc closely misses you.
Casting: Sandblast (safe; 2% risk of failure)
Confirm with . or Enter, or press ? or * to list all spells.
You don't have enough magic to cast this spell.
You barely miss the orc.
The orc is heavily wounded.
The orc hits you but does no damage.
Casting: Sandblast (safe; 2% risk of failure)
Confirm with . or Enter, or press ? or * to list all spells.
Aiming: Sandblast (safe; 2% risk of failure)
Press: ? - help, Shift-Dir - straight line, f - quokka, p - orc
Aim: a quokka (75% to hit)
The blast of sand misses the orc.
The blast of sand hits the frilled lizard!
You kill the frilled lizard!
The orc misses you.
The orc priest looks encouraged for a moment.
The orc closely misses you.
You hit the orc.
You kill the orc!
The orc priest calls down the wrath of Beogh upon you.
Beogh smites you! The jackal bites you.
The orc priest threatens, "Beogh's wrath is as vast as their mercy.
Make your choice!" (press Y on the ability menu to convert to Beogh)
The orc priest calls down the wrath of Beogh upon you.
Beogh smites you!
Ouch! That really hurt!
* * * LOW HITPOINT WARNING * * *
Unknown command.
Found a stone staircase leading down.
The jackal completely misses you.
The orc priest mumbles some strange prayers to Beogh against you.
Beogh smites you!
You die...

###.o.....#
#.l.#####.#
#.### #o# ##.#
#†# ###..# #)#
#...## #.# #
#l### #r#
#.###†# #h#
....r.### #@#
#.#.....#####
#.#
............#
..#
#....P....#.#
#.##
#.P....PP.......
..P..ß.....####.
#......PP.... ..
#..PP..P......>.
#..oh.P..#####


You could see an orc priest, a quokka and a jackal.

Vanquished Creatures
  Jessica (D:2)
  A ribbon worm (D:3)
  A dart slug (D:2)
  An orc (D:3)
  4 ball pythons
  4 bats (D:1)
  8 endoplasms
  4 giant cockroaches
  4 goblins
  6 hobgoblins
  3 jackals (D:3)
  6 kobolds
  3 quokkas
  3 frilled lizards
  5 rats
54 creatures vanquished.

Notes
Turn   | Place    | Note
-------+----------+-------------------------------------------
     0 | D:1      | CougarLife the Gargoyle Earth Elementalist began the quest
                  | for the Orb.
     0 | D:1      | Reached XP level 1. HP: 10/10 MP: 3/3
    79 | D:1      | Reached XP level 2. HP: 15/15 MP: 3/5
   116 | D:1      | Reached skill level 4 in Earth Magic
   198 | D:1      | Reached XP level 3. HP: 19/19 MP: 2/6
   824 | D:1      | Reached XP level 4. HP: 23/24 MP: 4/8
   920 | D:1      | Learned a level 3 spell: Stone Arrow
  1159 | D:2      | Noticed Jessica
  1174 | D:2      | Killed Jessica
  1614 | D:2      | Found Rumnevuo's Antique Armour Boutique.
  1960 | D:3      | Reached XP level 5. HP: 23/28 MP: 6/9
  2046 | D:3      | HP: 1/28 [orc priest/divine providence (14)]
  2047 | D:3      | Killed from afar by an orc priest

Illustrated notes

Levels and vault maps discovered:
D:1:      lightli_arrival_statue_moat, layout_rooms
D:2:      layout_loops_corners, serial_shops, nicolae_diamond_shop, uniq_jessica
D:3:      layout_rooms, mainiacjoe_sewer_entry_somewhere_in_here_2,
          shapermc_ecumenical_altar_mp_vishouse, dreamdust_mushroom_princess

Skill      XL: |  1  2  3  4 |
---------------+-------------+-----
Earth Magic    | 4 |  4.8
Conjurations   | 2 3 |  3.1
Spellcasting   | 3 |  3.1
Dodging        | |  1.6
Stealth        | |  2.2

Action                     |  1- 3 |  4- 6 || total
---------------------------+-------+-------++-------
  Melee: Unarmed           |    12 |       ||    12
         Dagger            |     4 |    15 ||    19
   Cast: Sandblast         |    45 |    40 ||    85
 Armour: Robe              |    25 |    25 ||    50
  Dodge: Dodged            |    24 |    37 ||    61

Table legend: (Time is in decaauts)
 A = Elapsed time spent in this place.
 B = Non-inter-level travel time spent in this place.
 C = Inter-level travel time spent in this place.
 D = Time resting spent in this place.
 E = Time spent auto-exploring this place.
 F = Levels seen in this place.
 G = Mean time per level.
                   A        B        C        D        E       F      G
               +--------+--------+--------+--------+--------+-----+--------+
         Total |   2088 |   2036 |     52 |    192 |   1470 |   3 |  696.0 |
       Dungeon |   2088 |   2036 |     52 |    192 |   1470 |   3 |  696.0 |
               +--------+--------+--------+--------+--------+-----+--------+

Top non-repeatable levels by time:
     D:2: 1041 daAuts
     D:1: 949 daAuts
     D:3: 97 daAuts
